 Dungeon Crawl Stone Soup version 0.30-a0-50-gb2d611f6b1 (webtiles) character file.

Game seed: 6987907194705547964

568511 drugrobin the Spry (level 24, -8/224 HPs)
             Began as a Demigod Delver on Sept 3, 2022.
             Mangled by a storm dragon (24 damage)
             ... on level 1 of the Realm of Zot.
             The game lasted 06:55:16 (83433 turns).

drugrobin the Spry (Demigod Delver)                Turns: 83433, Time: 06:55:16

Health: -8/224     AC: 17    Str: 15      XL:     24   Next: 36%
Magic:  35/58      EV: 24    Int: 36 (39) God:
Gold:   4952       SH:  7    Dex: 18 (19) Spells: 3/54 levels left

rFire   + . .      SeeInvis .    c - +11 rapier of Destruction {freeze, Will+}
rCold   + + +      Faith    .    P - +2 buckler
rNeg    . . .      Spirit   .    m - +3 leather armour "Ureanic" {rPois rF+ Str+3 Stlth+}
rPois   +          Reflect  .    q - +1 helmet of Ivott {rElec rPois Str-5 Int+3}
rElec   +          Harm     .    X - +2 cloak
rCorr   +          Rampage  .    e - +2 pair of gloves {Stlth+}
Will    ++++.                    p - +2 pair of boots of the Slightly Bent {rC++ rCorr}
Stlth   +++++++...               U - amulet "Pumu" {rC+ Regen+}
HPRegen 1.27/turn                Y - ring "Peppar" {Contam rElec Will+ MP+9 Slay+3}
MPRegen 0.36/turn                T - +4 ring of slaying

@: studying Maces & Flails
A: high MP 1, forlorn, divine attributes, inability to drink after injury 1
}: 3/15 runes: serpentine, barnacled, silver
a: no special abilities


You were on level 1 of the Realm of Zot.
You visited 12 branches of the dungeon, and saw 49 of its levels.
You visited the Abyss 2 times.
You also visited: Ossuary, Bailey, Gauntlet, Ice Cave, Volcano and Wizlab.

You collected 7705 gold pieces.
You spent 2753 gold pieces at shops.

Inventory:

Hand Weapons
 a - the +7 Spriggan's Knife {stab, EV+4 Stlth+}
   (You bought it in a shop on level 2 of the Orcish Mines)

   It is more effective when stabbing unaware enemies, sometimes treating them
   as though they were completely helpless.
   EV:        It affects your evasion (+4).
   Stlth:     It makes you more stealthy.
 b - a +9 quick blade of electrocution
 c - the +11 rapier of Destruction (weapon) {freeze, Will+}
   (You acquired it on level 1 of the Vaults)

   It freezes those it strikes, dealing additional cold damage.
   It can also slow down cold-blooded creatures.
   Will:      It increases your willpower.
Missiles
 x - 44 boomerangs (quivered)
 G - 2 throwing nets
 W - a curare-tipped dart
Armour
 e - a +2 pair of gloves of stealth (worn)
 m - the +3 leather armour "Ureanic" (worn) {rPois rF+ Str+3 Stlth+}
   (You found it on level 3 of the Elven Halls)

   Str:       It affects your strength (+3).
   rF:        It protects you from fire.
   rPois:     It protects you from poison.
   Stlth:     It makes you more stealthy.
 p - the +2 pair of boots of the Slightly Bent (worn) {rC++ rCorr}
   (You found it in a Gauntlet)

   rC:        It greatly protects you from cold.
   rCorr:     It protects you from acid and corrosion.
 q - the +1 helmet of Ivott (worn) {rElec rPois Str-5 Int+3}
   (You found it in a Gauntlet)

   Str:       It affects your strength (-5).
   Int:       It affects your intelligence (+3).
   rElec:     It insulates you from electricity.
   rPois:     It protects you from poison.
 P - a +2 buckler (worn)
 X - a +2 cloak (worn)
Jewellery
 g - a ring of willpower
 K - the ring "Acryhief" {rElec rF+ rC+ rN+ Str-5}
   (You found it in an ice cave)

   [ring of positive energy]

   Str:       It affects your strength (-5).
   rF:        It protects you from fire.
   rC:        It protects you from cold.
   rElec:     It insulates you from electricity.
   rN:        It protects you from negative energy.
 M - the ring of Nint {Wiz Dex+2 Slay+2}
   (You took it off a vault sentinel on level 5 of the Vaults)

   [ring of wizardry]

   It improves your spell success rate.
   Dex:       It affects your dexterity (+2).
   Slay:      It affects your accuracy & damage with ranged weapons and melee
   (+2).
 S - the ring "Johucuci" {Will- Int+3 SInv Stlth+}
   (You found it on level 1 of the Snake Pit)

   [ring of see invisible]

   Int:       It affects your intelligence (+3).
   SInv:      It lets you see invisible.
   Will:      It decreases your willpower.
   Stlth:     It makes you more stealthy.
 T - a +4 ring of slaying (right hand)
 U - the amulet "Pumu" (around neck) {rC+ Regen+}
   (You took it off a deep elf demonologist on level 3 of the Elven Halls)

   [amulet of regeneration]

   rC:        It protects you from cold.
   Regen:     It increases your rate of health regeneration.
 Y - the ring "Peppar" (left hand) {Contam rElec Will+ MP+9 Slay+3}
   (You found it on level 5 of the Vaults)

   [ring of willpower]

   Slay:      It affects your accuracy & damage with ranged weapons and melee
   (+3).
   rElec:     It insulates you from electricity.
   MP:        It affects your magic capacity (+9).
   Contam:    It causes magical contamination when unequipped.
   Will:      It increases your willpower.
Wands
 i - a wand of digging (12)
 t - a wand of paralysis (28)
 A - a wand of polymorph (4)
 F - a wand of roots (38)
 O - a wand of mindburst (55)
 V - a wand of quicksilver (35)
Scrolls
 d - 2 scrolls of enchant weapon
 f - 10 scrolls of blinking
 h - 5 scrolls of magic mapping
 j - 16 scrolls of teleportation
 s - 6 scrolls of butterflies
 v - a scroll of brand weapon
 w - 2 scrolls of silence
 B - 11 scrolls of vulnerability
 D - 11 scrolls of poison
 E - 9 scrolls of summoning
Potions
 k - 20 potions of curing
 o - 6 potions of attraction
 r - 11 potions of heal wounds
 u - 5 potions of cancellation
 z - 6 potions of invisibility
 C - 4 potions of ambrosia
 H - 5 potions of resistance
 J - 14 potions of haste
 L - 7 potions of might
 Q - 10 potions of lignification
 Z - 9 potions of magic
Miscellaneous
 l - a phantom mirror
 n - a condenser vane
 y - a tin of tremorstones (2/2)
 I - a lightning rod (4/4)
 N - a phial of floods
 R - a box of beasts


   Skills:
 - Level 20.1 Fighting
 - Level 10.0 Short Blades
 - Level 2.0 Armour
 - Level 20.6 Dodging
 - Level 13.7 Stealth
 - Level 4.0 Shields
 + Level 15.8 Spellcasting
 - Level 20.4 Hexes
 + Level 13.2 Ice Magic
 - Level 4.0 Evocations


You had 3 spell levels left.
You knew the following spells:

 Your Spells              Type           Power      Damage    Failure   Level
a - Ensorcelled Hibernat  Hex/Ice        100%       N/A       0%          2
b - Slow                  Hex            100%       N/A       0%          1
c - Confusing Touch       Hex            100%       N/A       0%          3
d - Anguish               Hex/Necr       40%        N/A       1%          4
e - Cause Fear            Hex            54%        N/A       0%          4
f - Blink                 Tloc           56%        N/A       3%          2
g - Summon Mana Viper     Hex/Summ       80%        N/A       1%          5
h - Tukima's Dance        Hex            100%       N/A       0%          3
i - Discord               Hex            54%        N/A       3%          8
j - Fulminant Prism       Conj/Hex       40%        3d20      1%          4
k - Yara's Violent Unrav  Hex/Tmut       40%        3d16      1%          5
l - Metabolic Englaciati  Hex/Ice        49%        N/A       1%          5
m - Wereblood             Tmut           28%        N/A       3%          2
n - Ozocubu's Armour      Ice            90%        N/A       1%          3

Your spell library contained the following spells:

 Spells                   Type           Power      Damage    Failure   Level
 Freeze                   Ice            100%       1d11      0%          1
 Apportation              Tloc           56%        N/A       1%          1
 Magic Dart               Conj           100%       1d8       1%          1
 Necrotise                Necr           100%       1d9       1%          1
 Sting                    Tmut/Pois      100%       1d8       1%          1
 Summon Small Mammal      Summ           100%       N/A       1%          1
 Frozen Ramparts          Ice            100%       1d16      1%          3
 Inner Flame              Hex/Fire       80%        N/A       1%          3
 Call Imp                 Summ           28%        N/A       3%          2
 Passwall                 Tmut/Erth      23%        N/A       3%          2
 Poisonous Vapours        Pois/Air       56%        N/A       3%          2
 Static Discharge         Conj/Air       56%        3-7/arc   3%          2
 Sublimation of Blood     Necr           28%        N/A       3%          2
 Call Canine Familiar     Summ           28%        N/A       6%          3
 Gell's Gravitas          Tloc           28%        N/A       6%          3
 Lesser Beckoning         Tloc           28%        N/A       6%          3
 Mephitic Cloud           Conj/Pois/Air  28%        N/A       6%          3
 Spider Form              Tmut/Pois      28%        N/A       6%          3
 Vampiric Draining        Necr           28%        2d8       6%          3
 Hailstorm                Conj/Ice       66%        3d14      1%          4
 Leda's Liquefaction      Hex/Erth       40%        N/A       1%          4
 Silence                  Hex/Air        40%        N/A       1%          5
 Freezing Cloud           Conj/Ice/Air   28%        6-21      10%         5
 Airstrike                Air            14%        2d(2-18)  21%         4
 Animate Armour           Summ/Erth      56%        N/A       21%         4
 Animate Dead             Necr           28%        N/A       21%         4
 Corpse Rot               Necr/Pois/Air  28%        N/A       21%         4
 Iskenderun's Mystic Bla  Conj/Tloc      28%        2d7       21%         4
 Olgreb's Toxic Radiance  Pois           28%        N/A       21%         4
 Passage of Golubria      Tloc           28%        N/A       21%         4
 Summon Lightning Spire   Summ/Air       28%        N/A       21%         4
 Simulacrum               Ice/Necr       33%        N/A       21%         6
 Agony                    Necr           28%        N/A       50%         5
 Blade Hands              Tmut           14%        N/A       50%         5
 Fireball                 Conj/Fire      14%        3d8       50%         5
 Irradiate                Conj/Tmut      14%        3d16      50%         5
 Lee's Rapid Deconstruct  Erth           14%        3d10*     50%         5
 Lightning Bolt           Conj/Air       14%        1d27      50%         5
 Manifold Assault         Tloc           28%        N/A       50%         5
 Summon Forest            Summ/Tloc      14%        N/A       50%         5
 Eringya's Noxious Bog    Tmut/Pois      14%        N/A       97%         6
 Iron Shot                Conj/Erth      14%        9d4       97%         6
 Starburst                Conj/Fire      14%        6d6       97%         6
 Statue Form              Tmut/Erth      18%        N/A       97%         6
 Summon Cactus Giant      Summ           14%        N/A       97%         6
 Dragon Form              Tmut           14%        N/A       100%        7
 Spellforged Servitor     Conj/Summ      14%        N/A       100%        7
 Storm Form               Tmut/Air       14%        N/A       100%        7
 Summon Hydra             Summ           14%        N/A       100%        7
 Borgnjor's Revivificati  Necr           14%        N/A       100%        8
 Ignition                 Fire           14%        3d6       100%        8
 Infestation              Necr           14%        N/A       100%        8
 Lehudib's Crystal Spear  Conj/Erth      14%        10d5      100%        8
 Maxwell's Capacitive Co  Air            14%        ∞         100%        8
 Necromutation            Tmut/Necr      14%        N/A       100%        8
 Death's Door             Necr           14%        N/A       100%        9
 Fire Storm               Conj/Fire      14%        8d4       100%        9
 Polar Vortex             Ice            45%        N/A       100%        9


Dungeon Overview and Level Annotations

Branches:
Dungeon (15/15)            Temple (1/1) D:7            Lair (5/5) D:10
 Shoals (4/4) Lair:3        Snake (4/4) Lair:2        Slime (4/5) Lair:5
    Orc (2/2) D:9             Elf (3/3) Orc:2        Vaults (5/5) D:14
  Crypt (0/3) Vaults:2     Depths (4/4) D:15           Hell (visited)
    Zot (1/5) Depths:4    Ossuary (visited)          Bailey (visited)
  IceCv (visited)         Volcano (visited)          WizLab (visited)
Gauntlet (visited)
    Dis: Hell:1         Geh: Hell:1         Coc: Hell:1         Tar: Hell:1

Shops:
D:5 *   D:11 (   D:12 !   Orc:2 (*(?   Shoals:2 (   Shoals:4 *   Snake:1 [
Snake:3 :   Vaults:4 (!*

Portals:
Hell: Depths:1 Depths:2 Depths:3 Depths:4
Abyss: Depths:1 Depths:3
Pandemonium: Depths:2
Ziggurat: Depths:1

Annotations:
D:3 exclusion: statue
D:4 exclusion: 3 doors
D:6 exclusion: steam dragon
Shoals:1 3 runed translucent doors, exclusion: obsidian statue, Roxanne; Weosk's ghost, adept GnWn
Elf:1 3 runed translucent doors
Hell Geryon


Innate Abilities, Weirdness & Mutations

You have an increased reservoir of magic. (+10% MP)
You shall have no god before yourself.
Your divine heritage dramatically boosts your attributes as you level up.
You occasionally lose the ability to drink potions when taking damage.


Message History

You hold your ground!
Unknown command.
Unknown command.
Unknown command.
Unknown command.
Unknown command.
Your +9 quick blade of electrocution stops crackling.
The +11 rapier of Destruction {freeze, Will+} glows with a cold blue light!
c - the +11 rapier of Destruction (weapon)
{freeze, Will+} The electric golem blinks!
The storm dragon completely misses you. x3
A white draconian stormcaller comes into view.
It is wielding a +0 dagger.
Unknown command.
Unknown command.
Unknown command.
Unknown command.
Unknown command.
You hit the storm dragon.
The storm dragon is severely wounded.
The storm dragon bites you!!
* * * LOW HITPOINT WARNING * * *
You block the storm dragon's attack. The storm dragon misses you.
Your fulminant prism crackles loudly.
Unknown command.
Unknown command.
Unknown command.
Unknown command.
You feel much better. The storm dragon bites you!!
* * * LOW HITPOINT WARNING * * *
The storm dragon completely misses you. The storm dragon tramples you!
* * * LOW HITPOINT WARNING * * *
You hold your ground!
Your fulminant prism explodes!
The blast of energy engulfs the storm dragon!
The storm dragon is almost dead.
The blast of energy engulfs the yellow draconian annihilator!!
The yellow draconian annihilator is moderately wounded.
The blast of energy engulfs the purple draconian!!
The purple draconian is moderately wounded.
The storm dragon bites you!!
You die...

...# ....# ....#
....# . #...## ..
#...## ... #...##
.... #@D.##
.....###q).##
...........)##
##.....d....##
##.9........##
##..........##
.#.....q......##
...............##
.........∩..^....##


You could see a storm dragon (berserk), a purple draconian, a white draconian
stormcaller and a yellow draconian annihilator.

Vanquished Creatures
  2 dread liches (Abyss:3)
  Saint Roka (Elf:2)
  Frederick (Depths:3)
  9 caustic shrikes (Depths:3)
  5 golden dragons
  2 bone dragons
  Jorgrun (Lair:3)
  A Hell Sentinel (Abyss:3)
  A lich (Depths:3)
  2 tentacled monstrosities
  A walking divine tome (Depths:2)
  2 titans (Vaults:5)
  2 deep elf master archers (Elf:3)
  3 deep elf blademasters
  3 acid blobs
  Frances (Elf:1)
  An Executioner (Abyss:3)
  6 sphinxes
  5 ancient champions
  Gastronok (D:8)
  The ghost of Buttons840 the Executioner, an adept HOFi of Okawaru (Snake:1)
  A shadow dragon (shapeshifter) (Vaults:5)
  5 tentacled starspawn
  Donald (Lair:3)
  The ghost of Saojabem the Severer, an adept MiBe of Trog (Snake:1)
  Polyphemus (Shoals:3)
  A shadow dragon (Elf:1)
  2 storm dragons
  The ghost of clovenhoof the Eclecticist, an adept DrVM of Zin (Elf:1)
  A rockslime (Slime:1)
  The ghost of Newt the Tortoise, an adept DsGl of Gozag (Snake:4)
  4 tengu reavers
  A draconian monk (Depths:4)
  4 frost giants
  3 revenants
  4 nagarajas
  Ilsuiw (Shoals:3)
  4 azure jellies
  A draconian knight (Depths:4)
  3 deep elf sorcerers
  An orc warlord (Orc:2)
  3 fire giants
  3 iron dragons
  The ghost of CowFu the Severer, a journeyman HOFi of Hepliaklqana (Lair:2)
  16 vault wardens
  A deep elf elementalist (Abyss:3)
  21 ironbound preservers
  4 balrugs
  A caustic shrike zombie (WizLab)
  11 very ugly things
  A draconian annihilator (Depths:4)
  A quicksilver ooze (Slime:3)
  3 reapers
  A war gargoyle (Depths:1)
  A ghoul (Vaults:2)
  A green draconian (Zot:1)
  14 stone giants
  2 vampire knights
  7 ironbound thunderhulks
  Nessos (D:12)
  8 deep elf demonologists
  A spectral titan (WizLab)
  A minotaur (Gauntlet)
  The ghost of Solauffi the Thaumaturge, a journeyman DjFE of Gozag (D:14)
  2 lorocyprocas
  6 halazid warlocks (WizLab)
  2 red draconians
  An entropy weaver (Vaults:2)
  6 dire elephants
  3 deep elf annihilators (Elf:3)
  A green death (Depths:1)
  3 eidola
  A deep elf death mage (Elf:3)
  3 blizzard demons
  An iron golem (Depths:1)
  3 white draconians (Depths:4)
  3 jiangshi
  5 merfolk javelineers
  A crystal guardian (Vaults:3)
  9 ettins
  A spectral kraken (Shoals:1)
  6 deep elf high priests
  8 merfolk impalers
  9 great orbs of eyes
  Josephine (D:13)
  3 fire dragons
  11 boulder beetles
  4 rakshasas
  2 ogre magi (Vaults:5)
  7 ice dragons
  2 ghost crabs (Shoals:1)
  3 merfolk avatars
  9 hydras
  9 yaktaur captains
  A peacekeeper (Vaults:3)
  A salamander tyrant (Snake:4)
  8 ironbound frosthearts
  2 spriggan air magi (Depths:3)
  16 vault guards
  A hell beast (Depths:3)
  6 centaur warriors
  15 anacondas
  6 two-headed ogres
  A death knight (Abyss:2)
  2 catoblepae
  16 naga warriors
  23 dancing weapons
  4 deep troll earth magi
  3 merfolk aquamancers
  2 alligator snapping turtles
  3 satyrs (Shoals:4)
  A tengu warrior (Depths:1)
  11 hell hogs
  4 orc high priests
  9 death yaks
  Urug (D:13)
  4 deep troll shamans
  3 vampire magi
  7 thrashing horrors (Abyss:2)
  A spriggan berserker (Depths:2)
  5 titan zombies
  A spriggan (Depths:3)
  3 storm dragon zombies
  16 naga sharpshooters
  12 deep elf knights
  6 soul eaters
  7 shock serpents
  7 wretched stars
  Amaemon (D:10)
  13 hell knights
  8 sun demons
  A fire crab (Lair:3)
  8 skeletal warriors
  6 iron trolls
  A titan skeleton (Vaults:4)
  2 salamander mystics
  A shadow wraith (WizLab)
  A storm dragon skeleton (Vaults:3)
  2 sixfirhies (Abyss:3)
  A spark wasp zombie (WizLab)
  4 glowing orange brains
  7 sea snakes
  6 flayed ghosts
  A bog body (IceCv)
  48 deep trolls
  A steelbarb worm (shapeshifter) (Vaults:5)
  8 lindwurms
  7 wizards
  A swamp dragon (Lair:5)
  4 naga ritualists
  8 necromancers
  2 swamp dragons (shapeshifter)
  5 phantasmal warriors (WizLab)
  A spectral wolf spider (WizLab)
  Pikel (D:7)
  18 harpies
  A wolf spider zombie (WizLab)
  18 deep elf archers
  11 large abominations
  23 deep elf pyromancers
  2 stone giant zombies (Hell)
  18 ironbound convokers
  9 mana vipers
  22 deep elf zephyrmancers
  32 ugly things
  8 orc knights
  10 fauns
  2 frost giant zombies (Hell)
  16 manticores
  A will-o-the-wisp (Abyss:3)
  3 orc sorcerers (Orc:2)
  9 cyclopes
  2 moths of wrath
  A faun (shapeshifter) (D:13)
  2 iron dragon skeletons (Depths:1)
  A fire giant zombie (Hell)
  Maurice (D:13)
  45 black mambas
  11 salamanders
  A worldbinder (Abyss:3)
  5 elephants
  10 vault sentinels
  6 merfolk sirens
  11 guardian serpents
  9 rust devils
  11 apocalypse crabs
  7 smoke demons
  2 eyes of devastation
  2 molten gargoyles
  8 water nymphs
  An ice statue (IceCv)
  18 naga magi
  2 spectral sea snakes (Shoals:1)
  4 gargoyles
  Psyche (D:9)
  2 orange demons
  A torpor snail (Lair:3)
  13 cane toads
  An unseen horror (D:12)
  A torpor snail (shapeshifter) (D:15)
  An emperor scorpion simulacrum (Hell)
  2 centaur skeletons (Hell)
  11 komodo dragons
  A human zombie (Vaults:4)
  2 demonic crawlers
  A yaktaur (shapeshifter) (Vaults:5)
  9 rime drakes
  30 starcursed masses
  A kobold demonologist (Abyss:2)
  7 freezing wraiths
  16 yaktaurs
  4 tengu conjurers
  8 ancient zymes
  2 harpy zombies (WizLab)
  A spectral harpy (WizLab)
  5 trolls
  An elf skeleton (Vaults:3)
  2 tyrant leeches (Abyss:2)
  28 merfolk
  2 polar bears
  4 wind drakes
  12 raiju
  73 slime creatures
  2 hornets
  2 dream sheep (Shoals:4)
  7 snapping turtles
  A blink frog (shapeshifter) (Abyss:3)
  17 blink frogs
  A frost giant simulacrum (Vaults:3)
  3 spectral manticores (Shoals:1)
  6 spriggan zombies
  A dream sheep (shapeshifter) (Vaults:5)
  3 shadows
  3 dire elephant simulacra (IceCv)
  17 flying skulls
  2 spectral wind drakes (Shoals:1)
  33 yaks
  4 air elementals
  7 wyverns
  15 water elementals
  7 ynoxinuls
  Eustachio (D:6)
  2 fire bats (Abyss:2)
  3 basilisks
  8 golden eyes
  11 wraiths
  A redback (Vaults:2)
  8 fire elementals
  4 steam dragons
  5 neqoxecs
  3 death yak simulacra (IceCv)
  4 chaos spawn (Abyss:2)
  3 wargs
  2 glowing shapeshifter zombies (Hell)
  10 vampire mosquitoes
  54 nagas
  6 acid dragons
  A hydra simulacrum (IceCv)
  8 hell hounds
  13 water moccasins
  2 floating eyes
  3 swamp drakes (Lair:5)
  23 orc warriors
  4 ice beasts
  15 small abominations
  4 black bears
  10 wolves
  7 ogres
  An ogre (shapeshifter) (Abyss:2)
  8 centaurs
  A floating eye zombie (Hell)
  2 phantoms
  2 kobold brigands
  A nameless horror (Shoals:1)
  9 bullfrogs
  2 gnoll sergeants
  3 scorpions
  4 earth elementals
  7 two-headed ogre simulacra (IceCv)
  2 wights
  A human skeleton (Vaults:4)
  2 elephant simulacra (IceCv)
  17 killer bees
  An electric eel (Lair:3)
  5 howler monkeys
  A crimson imp (Abyss:2)
  A quasit (Abyss:2)
  A jelly (D:6)
  14 orc priests
  Crazy Yiuf (D:6)
  2 hounds
  6 iron imps
  3 gnoll boudas
  Ijyb (D:3)
  7 spriggan simulacra (IceCv)
  5 iguanas
  33 orc wizards
  11 hell rats
  5 troll simulacra (IceCv)
  2 wolf simulacra (IceCv)
  8 ogre zombies (D:9)
  5 mummies (Ossuary)
  24 gnolls
  3 naga simulacra (IceCv)
  6 adders
  2 shadow imps (D:5)
  23 white imps
  12 ufetubi
  A worm (D:4)
  A dart slug (D:5)
  115 orcs
  3 ball pythons
  6 endoplasms
  A giant cockroach (D:4)
  10 goblins
  9 hobgoblins
  3 quokkas
  7 bats
  4 frilled lizards
  A gnoll zombie (Ossuary)
  2 goblin skeletons (D:9)
  4 goblin zombies
  6 hobgoblin zombies
  16 kobolds
  An orc skeleton (D:9)
  19 orc zombies
  3 rats (D:3)
  2 lurking horrors (Abyss:2)
  3 starspawn tentacles
2090 creatures vanquished.

Vanquished Creatures (collateral kills)
  A dread lich (Vaults:3)
  Vashnia (Snake:4)
  3 caustic shrikes (Depths:3)
  A tentacled monstrosity (Vaults:4)
  2 liches
  A walking frostbound tome (Depths:3)
  A tengu reaver (Vaults:5)
  A rockslime (Slime:1)
  A nagaraja (Snake:4)
  3 fire giants
  6 frost giants
  A deep elf sorcerer (Elf:3)
  A curse skull (Depths:1)
  2 vault wardens
  A deep elf elementalist (Elf:3)
  A draconian shifter (Depths:4)
  2 ironbound preservers
  2 very ugly things (Depths:3)
  An ironbound thunderhulk (Vaults:2)
  4 stone giants
  A war gargoyle (Depths:1)
  3 deep elf demonologists (Elf:3)
  2 black draconians
  A deep elf annihilator (Elf:3)
  A red draconian (Depths:4)
  A blizzard demon (Depths:1)
  2 ettins
  A merfolk javelineer (Shoals:4)
  A spectral quicksilver dragon (WizLab)
  2 merfolk impalers (Shoals:4)
  12 vault guards
  4 yaktaur captains
  2 great orbs of eyes
  A spriggan zombie (Hell)
  A merfolk avatar (Shoals:3)
  An ice dragon (Hell)
  An ironbound frostheart (Vaults:2)
  3 centaur warriors (Vaults:1)
  7 dancing weapons
  2 deep troll shamans (Depths:1)
  2 two-headed ogres (Vaults:5)
  2 deep troll earth magi (Depths:1)
  A spriggan berserker (Depths:3)
  9 hell knights
  4 deep elf knights
  A sun demon (Hell)
  A soul eater (Depths:1)
  A spatial maelstrom (Abyss:2)
  2 iron trolls (Depths:3)
  24 deep trolls
  A sea snake (Shoals:4)
  3 wizards
  4 deep elf archers
  4 ironbound convokers
  A phantasmal warrior (Vaults:4)
  3 necromancers
  4 deep elf pyromancers
  An orc knight (Vaults:5)
  2 ugly things
  A frost giant zombie (Hell)
  4 deep elf zephyrmancers
  7 slime creatures
  2 fauns
  A rust devil (Hell)
  2 water nymphs (Shoals:4)
  3 merfolk sirens
  A fire giant skeleton (Depths:1)
  2 vault sentinels
  A smoke demon (Depths:2)
  4 orange demons (Depths:2)
  A dire elephant skeleton (Hell)
  A freezing wraith (Vaults:2)
  15 yaktaurs
  An ice devil (Depths:2)
  A harpy zombie (Hell)
  4 merfolk
  An alligator zombie (Hell)
  2 large abominations (Abyss:2)
  A water elemental (Depths:1)
  A neqoxec (Depths:2)
  2 wargs (Elf:2)
  A spectral snapping turtle (Shoals:1)
  3 orc warriors (Elf:2)
  2 ogres (Vaults:5)
  2 earth elementals
  A wight (Abyss:3)
  4 orcs (Elf:2)
226 creatures vanquished.

Vanquished Creatures (others)
  A fire giant (Vaults:5)
  A deep elf sorcerer (Elf:3)
  An orc warlord (Vaults:4)
  2 deep elf elementalists (Elf:3)
  2 very ugly things (Vaults:2)
  2 ironbound preservers
  2 deep elf demonologists (Elf:3)
  2 deep elf annihilators (Elf:3)
  A yaktaur captain (Vaults:5)
  A deep elf high priest (Elf:3)
  9 vault guards
  2 hell hogs
  A deep troll shaman (Depths:1)
  An orc high priest (Elf:1)
  2 deep troll earth magi (Depths:1)
  A naga sharpshooter (Snake:1)
  A deep elf knight (Elf:1)
  2 flayed ghosts (WizLab)
  2 deep elf archers (Elf:1)
  2 deep trolls
  A bog body (IceCv)
  3 deep elf pyromancers
  3 deep elf zephyrmancers
  A necromancer (WizLab)
  2 ugly things (Vaults:1)
  3 vault sentinels (Vaults:4)
  A rust devil (Hell)
  A smoke demon (Depths:2)
  9 yaktaurs
  A hornet (Depths:3)
  25 dancing weapons
  A raiju (Abyss:2)
  A spriggan (Depths:3)
  2 orc warriors
  A wolf (Gauntlet)
  A centaur (Volcano)
  2 orc wizards
  2 hell rats
  55 fulminant prisms
  19 fungi
  185 plants
  5 starspawn tentacles (Abyss:2)
  24 tentacles (Shoals:1)
  6 withered plants
392 creatures vanquished.

Grand Total: 2708 creatures vanquished

Notes
Turn   | Place    | Note
-------+----------+-------------------------------------------
     0 | D:5      | drugrobin the Demigod Delver began the quest for the Orb.
     0 | D:5      | Reached XP level 1. HP: 18/18 MP: 3/3
   180 | D:5      | Noticed an ice beast
   193 | D:5      | Killed an ice beast
   194 | D:5      | Reached XP level 2. HP: 9/25 MP: 4/4
   194 | D:5      | Reached XP level 3. HP: 11/30 MP: 5/5
   194 | D:5      | Reached XP level 4. HP: 13/37 MP: 6/6
   396 | D:5      | Found Juwis's Overcharged Wands.
   462 | D:5      | Noticed a centaur
   816 | D:5      | Noticed an ogre
  1038 | D:5      | Reached skill level 1 in Evocations
  1038 | D:5      | Reached XP level 5. HP: 42/42 MP: 7/7
  1166 | D:4      | Found a sand-covered staircase.
  1171 | Ossuary  | Entered an ossuary
  1217 | Ossuary  | Reached skill level 5 in Short Blades
  2076 | D:4      | Identified the +1 chain mail "Famez" {Harm}
  2167 | D:4      | Noticed a black bear
  2321 | D:4      | Reached XP level 6. HP: 50/50 MP: 8/8
  2559 | D:3      | Noticed Ijyb
  3113 | D:1      | Learned a level 2 spell: Ensorcelled Hibernation
  4604 | D:3      | Killed Ijyb
  5180 | D:3      | Reached skill level 1 in Hexes
  5335 | D:3      | Learned a level 1 spell: Slow
  6128 | D:5      | Reached XP level 7. HP: 56/56 MP: 9/9
  6390 | D:6      | Learned a level 3 spell: Confusing Touch
  6802 | D:6      | Noticed Eustachio
  7128 | D:6      | Noticed a steam dragon
  7205 | D:6      | Found a runed translucent door.
  7206 | D:6      | Noticed Crazy Yiuf
  7296 | D:6      | Noticed Sigmund
  7323 | D:6      | Noticed Sigmund
  7342 | D:6      | Killed Sigmund the blink frog
  7343 | D:6      | Reached XP level 8. HP: 21/62 MP: 1/10
  7940 | D:6      | Killed Crazy Yiuf
  8304 | D:6      | Killed Eustachio
  8971 | D:7      | Found a staircase to the Ecumenical Temple.
  8979 | Temple   | Entered the Ecumenical Temple
  8996 | D:7      | Noticed Pikel
  9033 | D:7      | Killed Pikel
  9034 | D:7      | Reached skill level 5 in Hexes
  9095 | D:7      | Reached XP level 9. HP: 68/68 MP: 11/11
  9206 | D:7      | Reached skill level 10 in Short Blades
  9392 | D:7      | Identified a scroll of acquirement
  9393 | D:7      | Acquired a +6 quick blade
  9829 | D:8      | Noticed a two-headed ogre
  9894 | D:8      | Killed a two-headed ogre
 10207 | D:8      | Noticed Gastronok
 10249 | D:8      | Killed Gastronok
 10250 | D:8      | Reached skill level 5 in Fighting
 10250 | D:8      | Reached skill level 5 in Dodging
 10250 | D:8      | Reached XP level 10. HP: 62/81 MP: 11/13
 10792 | D:9      | Noticed Psyche
 10799 | D:9      | Killed Psyche
 11189 | D:9      | Found a staircase to the Orcish Mines.
 11766 | D:10     | Entered Level 10 of the Dungeon
 11907 | D:10     | Found a flagged portal.
 11926 | Bailey   | Entered a bailey
 12108 | Bailey   | Noticed an orc knight
 12165 | Bailey   | Noticed an orc knight
 12211 | Bailey   | Killed an orc knight
 12348 | Bailey   | Killed an orc knight
 12349 | Bailey   | Reached skill level 5 in Stealth
 12436 | Bailey   | Reached XP level 11. HP: 86/91 MP: 12/14
 12606 | D:10     | Found a staircase to the Lair.
 13317 | D:10     | Learned a level 4 spell: Anguish
 13737 | Lair:1   | Entered Level 1 of the Lair of Beasts
 13749 | Lair:1   | Noticed Amaemon
 13800 | D:10     | Killed Amaemon
 14770 | Lair:2   | Found a staircase to the Snake Pit.
 14772 | Lair:2   | Identified the +1 hand axe of Diunganuveff {protect, Contam
                  | Int+5}
 15214 | Lair:2   | Reached skill level 1 in Spellcasting
 15238 | Lair:2   | Reached skill level 10 in Hexes
 16105 | Lair:3   | Noticed a boulder beetle
 16110 | Lair:3   | Killed a boulder beetle
 16132 | Lair:3   | Reached XP level 12. HP: 101/101 MP: 18/18
 16137 | Lair:3   | Learned a level 4 spell: Cause Fear
 16159 | Lair:3   | Noticed a catoblepas
 16210 | Lair:3   | Killed a catoblepas
 16320 | Lair:3   | Noticed a six-headed hydra
 16339 | Lair:3   | Killed a six-headed hydra
 16466 | Lair:3   | Noticed a seven-headed hydra
 16479 | Lair:3   | Killed a seven-headed hydra
 16562 | Lair:3   | Identified the +1 ring mail of Conscience {rElec MP+9}
 17073 | Lair:3   | Found a staircase to the Shoals.
 18353 | Lair:5   | Entered Level 5 of the Lair of Beasts
 18395 | Lair:5   | Found a dark tunnel.
 18401 | Volcano  | Entered a volcano
 18419 | Volcano  | Noticed a centaur warrior
 18440 | Volcano  | Noticed a red draconian
 18480 | Volcano  | Killed a centaur warrior
 18481 | Volcano  | Reached XP level 13. HP: 53/107 MP: 22/22
 18513 | Volcano  | Killed a red draconian
 18663 | Lair:5   | Found a frozen archway.
 18681 | IceCv    | Entered an ice cave
 19009 | IceCv    | Learned a level 2 spell: Blink
 19383 | IceCv    | Identified the ring "Acryhief" {rElec rF+ rC+ rN+ Str-5}
 19785 | Lair:5   | Found a staircase to the Slime Pits.
 19936 | Lair:5   | Reached skill level 15 in Hexes
 20016 | Lair:5   | Got the Octavo of the Throng
 21084 | Lair:5   | Got Sif Muna's Dissertation on the Mutated Jaunt
 21572 | Orc:1    | Entered Level 1 of the Orcish Mines
 22009 | Orc:2    | Entered Level 2 of the Orcish Mines
 22096 | Orc:2    | Found a staircase to the Elven Halls.
 22723 | Orc:2    | Noticed an orc warlord
 22807 | Orc:2    | Killed an orc warlord
 23045 | Orc:2    | Reached XP level 14. HP: 116/116 MP: 24/24
 23655 | Orc:2    | Found Isuydemo's Antique Weapon Boutique.
 23655 | Orc:2    | Found Ickib's Assorted Antiques.
 23665 | Orc:2    | Found Iqokhluf's Antique Weapon Boutique.
 23665 | Orc:2    | Found Fizo Ecohou's Magic Scroll Emporium.
 23689 | Orc:2    | Bought the +7 Spriggan's Knife {stab, EV+4 Stlth+} for 1653
                  | gold pieces
 23689 | Orc:2    | Found the +7 Spriggan's Knife {stab, EV+4 Stlth+}
 23694 | Orc:2    | Bought a scroll of identify for 28 gold pieces
 23694 | Orc:2    | Bought a scroll of identify for 28 gold pieces
 23698 | Orc:2    | Bought a scroll of identify for 60 gold pieces
 23698 | Orc:2    | Bought a potion of curing for 90 gold pieces
 23812 | D:11     | Found Oprugoap's Weapon Shoppe.
 24784 | D:12     | Noticed Nessos
 24840 | D:12     | Killed Nessos
 24859 | D:12     | Found a gate leading to a gauntlet.
 24876 | Gauntlet | Entered a Gauntlet
 24876 | Gauntlet | Found a transporter.
 24876 | Gauntlet | Found a transporter.
 24876 | Gauntlet | Found a transporter.
 24897 | Gauntlet | Found a transporter.
 24900 | Gauntlet | Found a transporter.
 24913 | Gauntlet | Found a transporter.
 24919 | Gauntlet | Found a transporter.
 24940 | Gauntlet | Found a transporter.
 24941 | Gauntlet | Found a transporter.
 24999 | Gauntlet | Found a transporter.
 25011 | Gauntlet | Found a transporter.
 25035 | Gauntlet | Found a transporter.
 25355 | Gauntlet | Identified the +1 helmet of Ivott {rElec rPois Str-5 Int+3}
 25408 | Gauntlet | Reached XP level 15. HP: 125/125 MP: 25/25
 25479 | Gauntlet | Identified the +2 pair of boots of the Slightly Bent {rC++
                  | rCorr}
 25664 | Gauntlet | Identified the +2 broad axe "Epsot" {vorpal, rF+}
 25855 | D:12     | Found Kezxuaddot's Distillery.
 25863 | D:12     | Bought 2 potions of heal wounds for 130 gold pieces
 26128 | D:13     | Noticed Urug
 26140 | D:13     | Killed Urug
 26340 | D:13     | Noticed Maurice
 26351 | D:13     | Killed Maurice
 26615 | D:13     | Noticed Josephine
 26622 | D:13     | Killed Josephine
 26964 | D:14     | Found a runed translucent door.
 26964 | D:14     | Noticed Solauffi's ghost (journeyman DjFE)
 26980 | D:14     | Killed Solauffi's ghost
 26981 | D:14     | Reached skill level 10 in Fighting
 27350 | D:14     | Found a gate to the Vaults.
 27362 | D:14     | Reached skill level 5 in Spellcasting
 27371 | D:14     | Reached skill level 10 in Dodging
 27801 | D:15     | Entered Level 15 of the Dungeon
 28297 | Snake:1  | Entered Level 1 of the Snake Pit
 28297 | Snake:1  | Found a runed translucent door.
 28512 | Snake:1  | Found Vecefa's Antique Armour Emporium.
 28876 | Snake:1  | Found a runed translucent gate.
 28876 | Snake:1  | Found a runed translucent gate.
 28877 | Snake:1  | Found a runed translucent gate.
 28881 | Snake:1  | Noticed CowFu's ghost (journeyman HOFi)
 28881 | Snake:1  | Noticed Buttons840's ghost (adept HOFi)
 28882 | Snake:1  | Noticed Saojabem's ghost (adept MiBe)
 29011 | Snake:1  | Reached XP level 16. HP: 130/135 MP: 28/28
 30113 | Snake:1  | Identified the +10 halberd of the World {protect, Fly rElec
                  | Int+2}
 30287 | Snake:1  | Identified the ring "Johucuci" {Will- Int+3 SInv Stlth+}
 30483 | Snake:1  | Identified the ring "Nuxtis" {rElec EV+4 Int+5}
 30621 | Snake:1  | Learned a level 5 spell: Summon Mana Viper
 30821 | Lair:2   | Killed CowFu's ghost
 30847 | Snake:1  | Bought a heavily runed leather armour for 140 gold pieces
 30847 | Snake:1  | Identified the +1 leather armour of a Labyrinth {rC- Int+4
                  | Dex+3} (You bought it in a shop on level 1 of the Snake
                  | Pit)
 30847 | Snake:1  | Bought a distressingly furry ring mail for 180 gold pieces
 30847 | Snake:1  | Identified the +0 ring mail of Happy Babbling {rPois} (You
                  | bought it in a shop on level 1 of the Snake Pit)
 30847 | Snake:1  | Bought a twisted scale mail for 180 gold pieces
 30847 | Snake:1  | Identified the +0 scale mail of Dim Light {rElec rN+++
                  | Will- Dex+4} (You bought it in a shop on level 1 of the
                  | Snake Pit)
 30877 | Snake:1  | Killed Buttons840's ghost
 30947 | Snake:1  | Killed Saojabem's ghost
 30991 | Snake:1  | Identified the ring of Coaroffo {Ice Drain MP+9 Str+2
                  | Dex+6}
 30998 | Snake:1  | Learned a level 3 spell: Tukima's Dance
 32999 | Snake:3  | Found Jemuschiu's Book Boutique.
 33672 | Snake:3  | Identified the +8 spear of Courage {vorpal, rN+}
 33943 | Snake:3  | Identified the +7 mace "Buretuoq" {venom, Int+6}
 33990 | Snake:4  | Entered Level 4 of the Snake Pit
 34636 | Snake:4  | Identified the +4 chain mail of Trial and Error {rN+}
 34968 | Snake:4  | Reached XP level 17. HP: 139/146 MP: 32/32
 35609 | Snake:4  | Noticed Vashnia
 35880 | Snake:4  | Killed Vashnia
 36179 | Snake:4  | Got a serpentine rune of Zot
 36290 | Snake:4  | Found a runed translucent door.
 36695 | Snake:4  | Noticed Newt's ghost (adept DsGl)
 36706 | Snake:4  | Killed Newt's ghost
 36717 | Snake:4  | Upgraded the game from 0.30-a0-49-g1cef19eb02 to
                  | 0.30-a0-50-gb2d611f6b1
 36965 | Shoals:1 | Entered Level 1 of the Shoals
 36968 | Shoals:1 | Noticed Jorgrun
 37120 | Lair:3   | Killed Jorgrun
 37355 | Shoals:1 | Identified Roxanne's Vellum of Moulding
 37355 | Shoals:1 | Noticed Roxanne
 37554 | Lair:3   | Learned a level 8 spell: Discord
 37638 | Shoals:1 | Noticed Donald
 37649 | Lair:3   | Killed Donald
 38840 | Shoals:1 | Found a runed translucent gate.
 38907 | Shoals:1 | Found a runed translucent gate.
 38908 | Shoals:1 | Found a runed translucent gate.
 38914 | Shoals:1 | Noticed Weosk's ghost (adept GnWn)
 39100 | Shoals:2 | Noticed Ilsuiw
 39133 | Shoals:3 | Noticed Polyphemus
 39544 | Shoals:3 | Killed Ilsuiw
 39709 | Shoals:2 | Found Lopsior's Weapon Emporium.
 40971 | Shoals:3 | Killed Polyphemus
 41641 | Shoals:4 | Entered Level 4 of the Shoals
 41654 | Shoals:4 | Reached XP level 18. HP: 114/158 MP: 35/35
 42758 | Shoals:4 | Found Zuviluge's General Store.
 42763 | Shoals:4 | Bought a scroll of teleportation for 39 gold pieces
 44158 | Shoals:4 | Got a barnacled rune of Zot
 44620 | Slime:1  | Entered Level 1 of the Pits of Slime
 47489 | Elf:1    | Entered Level 1 of the Elven Halls
 47495 | Elf:1    | Learned a level 4 spell: Fulminant Prism
 47790 | Elf:1    | Noticed Frances
 47860 | Elf:1    | Killed Frances
 48028 | Elf:1    | Paralysed by an air elemental for 1 turns
 48371 | Elf:1    | Paralysed by an air elemental for 1 turns
 48379 | Elf:1    | Paralysed by an air elemental for 1 turns
 48450 | Elf:1    | Reached skill level 10 in Spellcasting
 48462 | Elf:1    | Reached skill level 15 in Fighting
 48652 | Elf:1    | Found a runed translucent gate.
 48652 | Elf:1    | Found a runed translucent gate.
 48652 | Elf:1    | Found a runed translucent gate.
 48652 | Elf:1    | Found a runed translucent gate.
 48652 | Elf:1    | Found a runed translucent gate.
 48653 | Elf:1    | Found a runed translucent gate.
 49178 | Elf:1    | Found a runed translucent gate.
 49178 | Elf:1    | Found a runed translucent gate.
 49179 | Elf:1    | Found a runed translucent gate.
 49269 | Elf:1    | Noticed clovenhoof's ghost (adept DrVM)
 49350 | Elf:2    | Reached XP level 19. HP: 132/153 MP: 38/38
 49783 | Elf:2    | Found a runed translucent gate.
 49784 | Elf:2    | Found a runed translucent gate.
 49785 | Elf:2    | Found a runed translucent gate.
 50566 | Elf:3    | Entered Level 3 of the Elven Halls
 51487 | Elf:3    | Reached skill level 15 in Dodging
 51492 | Elf:3    | Identified the +3 leather armour "Ureanic" {rPois rF+ Str+3
                  | Stlth+}
 51656 | Elf:3    | Identified the ring of Miulum {rN+ MP+9 Int+4}
 51846 | Elf:3    | Identified the +5 rapier of the Desert {freeze, *Rage
                  | +Blink Str+4 Int+4}
 52160 | Elf:3    | Identified the amulet "Pumu" {rC+ Regen+}
 52160 | Elf:3    | Identified the +7 scimitar "Jeisoal" {flame, rPois Will+++
                  | MP+9 Int-5}
 52355 | Elf:3    | Identified the amulet "Jopreesk" {Spirit rC+++ rCorr MP+9
                  | Dex-3}
 52595 | Elf:3    | Noticed a Tzitzimitl
 52627 | Elf:3    | Got the Handbook of Profane Deeds
 52911 | Elf:3    | Noticed a Tzitzimitl
 53713 | Elf:2    | Noticed Saint Roka
 53751 | Elf:2    | Killed Saint Roka
 54457 | Elf:1    | Killed clovenhoof's ghost
 54530 | Elf:1    | Identified the +2 hat of Qazlal's Hatred {rElec Will+
                  | Dex+4}
 54641 | Lair:1   | Learned a level 5 spell: Yara's Violent Unravelling
 55313 | D:15     | Found a staircase to the Depths.
 55436 | Depths:1 | Entered Level 1 of the Depths
 56236 | Depths:1 | Reached XP level 20. HP: 161/182 MP: 32/41
 56790 | Depths:1 | Found a one-way gate to the infinite horrors of the Abyss.
 56902 | Depths:1 | Found a one-way gateway to a ziggurat.
 56937 | Depths:1 | Found a gateway to Hell.
 56942 | Hell     | Entered the Vestibule of Hell
 56942 | Hell     | Noticed Geryon
 57679 | Depths:2 | Found a one-way gate leading to the halls of Pandemonium.
 59862 | Depths:2 | Paralysed by you for 5 turns
 59949 | Depths:2 | Got the Anthology of Hypothermia and Combustion
 60594 | Depths:3 | Noticed a caustic shrike
 60620 | Depths:3 | Noticed a caustic shrike
 60621 | Depths:3 | Noticed a caustic shrike
 60622 | Depths:3 | Noticed a caustic shrike
 60645 | Depths:3 | Killed a caustic shrike
 60654 | Depths:3 | Killed a caustic shrike
 60966 | Depths:3 | Noticed a caustic shrike
 60975 | Depths:3 | Killed a caustic shrike
 61388 | Vaults:1 | Entered Level 1 of the Vaults
 61654 | Vaults:1 | Found a magical portal.
 61664 | WizLab   | Entered Borgnjor's Mausoleum
 62230 | WizLab   | Gained mutation: You occasionally lose the ability to drink
                  | potions when taking damage. [you]
 63136 | WizLab   | Reached XP level 21. HP: 56/173 MP: 6/42
 63283 | WizLab   | Got the Parchment of the Mortuary
 65107 | Vaults:1 | You fall into a shaft and drop 1 floor!
 65606 | Vaults:1 | Acquired the +11 rapier of Destruction {freeze, Will+}
 65822 | Vaults:2 | Reached skill level 10 in Stealth
 66913 | Vaults:2 | Found a staircase to the Crypt.
 68197 | Vaults:3 | Reached XP level 22. HP: 209/209 MP: 37/43
 68295 | Vaults:3 | Reached skill level 1 in Shields
 68355 | Vaults:3 | Identified the +8 whip of Fummauzu {vorpal, Fly}
 68959 | Vaults:4 | Found Higacust's Distillery.
 68960 | Vaults:4 | Found Ubuxath's General Store.
 68963 | Vaults:4 | Bought a potion of heal wounds for 75 gold pieces
 68963 | Vaults:4 | Bought a potion of curing for 45 gold pieces
 68973 | Vaults:4 | Bought a potion of heal wounds for 105 gold pieces
 69442 | Vaults:4 | Found Iggyrry's Weapon Shoppe.
 70111 | Vaults:5 | Entered Level 5 of the Vaults
 70459 | Vaults:5 | Noticed a dread lich
 70525 | Vaults:5 | Paralysed by a dread lich for 5 turns
 70795 | Vaults:4 | Paralysed by a dread lich for 3 turns
 70803 | Vaults:4 | Paralysed by a dread lich for 5 turns
 70816 | Vaults:3 | Paralysed by a dread lich for 4 turns
 70825 | Vaults:3 | Killed a dread lich
 71298 | Vaults:5 | Identified the +6 shortbow "Feav" {flame, *Corrode Str+5}
 71652 | Vaults:5 | Identified the ring of Nint {Wiz Dex+2 Slay+2}
 72243 | Vaults:5 | Identified the +4 arbalest "Eviscerator" {speed, rCorr
                  | Int+2}
 72327 | Vaults:5 | Identified the +3 ice dragon scales of Xustrefot {rPois rF-
                  | rC++ Str+2 Slay-4}
 72438 | Vaults:5 | Identified the ring "Peppar" {Contam rElec Will+ MP+9
                  | Slay+3}
 72577 | Vaults:5 | Got a silver rune of Zot
 72679 | Vaults:5 | Identified the ring "Tuyckyu" {rElec rF+ rC+ Int+2 Slay-4}
 72769 | Vaults:5 | Identified the +7 rapier of Bloody Death {drain, +Blink
                  | rElec rC-}
 72774 | Vaults:5 | Got the Directory of the Excursion
 73902 | Depths:1 | Reached XP level 23. HP: 215/215 MP: 46/46
 74035 | Depths:1 | Learned a level 5 spell: Metabolic Englaciation
 74052 | Depths:1 | Reached skill level 1 in Ice Magic
 75176 | Depths:1 | Learned a level 2 spell: Wereblood
 75882 | Depths:3 | Noticed Frederick
 75890 | Depths:3 | Killed Frederick
 76197 | Depths:3 | Identified the +1 robe of the Pit {rPois rC+++ Int-3
                  | Stlth-}
 76202 | Depths:3 | Reached skill level 5 in Ice Magic
 76602 | Depths:4 | Entered Level 4 of the Depths
 77711 | Depths:3 | Reached skill level 15 in Spellcasting
 77739 | Depths:3 | Learned a level 3 spell: Ozocubu's Armour
 79036 | Depths:4 | Reached skill level 10 in Ice Magic
 79228 | Depths:4 | Found a gate to the Realm of Zot.
 79473 | Depths:3 | Voluntarily entered the Abyss.
 79983 | Abyss:2  | Paralysed by accursed screaming for 1 turns
 80324 | Abyss:2  | Noticed a dread lich
 80921 | Abyss:2  | Reached XP level 24. HP: 83/224 MP: 45/48
 81768 | Abyss:3  | Noticed a dread lich
 81791 | Abyss:3  | Killed a dread lich
 81836 | Abyss:3  | Killed a dread lich
 82074 | Depths:3 | Escaped the Abyss
 82214 | Depths:3 | Voluntarily entered the Abyss.
 83086 | Depths:3 | Escaped the Abyss
 83225 | Zot:1    | Entered Level 1 of the Realm of Zot
 83433 | Zot:1    | Mangled by a storm dragon

Illustrated notes

Levels and vault maps discovered:
D:1:      shiori_shiawase, layout_loops_corners, nrook_mini_vaults,
          chequers_serial_rivers_room_a
D:2:      minmay_door_path, layout_basic, basic_altar
D:3:      cheibrodos_greedy_goblins, layout_basic, vehumet_statue,
          basic_ecumenical_altar, kennysheep_generic_room_5, uniq_ijyb
D:4:      layout_loops_corners, mainiacjoe_overflow_concentric_impassable,
          enter_ossuary_2, kennysheep_cluttered_room,
          chequers_hall_statues_corner_a
D:5:      layout_basic, nicolae_overflow_hidden_temple,
          nicolae_shop_overcharged_wands
D:6:      kennysheep_steamy, layout_basic, elyvilon_altar_3,
          chequers_temple_overflow_statue_of_worship,
          mainiacjoe_overflow_surrounded_room, ebering_ghost_reflecting_pool,
          uniq_sigmund, uniq_eustachio, uniq_crazy_yiuf_cottage
D:7:      layout_basic, nzn_wu_jian_council_hall, minmay_temple_entry_hall,
          uniq_pikel
D:8:      cheibrodos_fzero, layout_gridville, mainiacjoe_overflow_cross_hatched,
          uniq_gastronok
D:9:      layout_basic, zombieorc2_lemuel, uniq_psyche
D:10:     layout_irregular_city, lemuel_blue_sif_altar, david_lair_generic,
          enter_bailey_2, minivault_10, grunt_ministairs_6
D:11:     layout_long_grid, serial_shops, shop, minmay_tree_intersection
D:12:     layout_cave_pods, serial_shops, shop, gauntlet_entry_generic,
          serial_column_ruins, column_ruins_pillar_5, column_ruins_pillar_1,
          column_ruins_pillar_6, column_ruins_pillar_1, column_ruins_pillar_9,
          column_ruins_pillar_5, column_ruins_pillar_11, column_ruins_pillar_1,
          column_ruins_pillar_2, column_ruins_pillar_2, column_ruins_pillar_2,
          column_ruins_pillar_1, column_ruins_pillar_2, column_ruins_pillar_12,
          column_ruins_pillar_3, column_ruins_pillar_5, column_ruins_pillar_4,
          column_ruins_pillar_1, kennysheep_another_room, uniq_nessos
D:13:     layout_basic, uniq_maurice, uniq_urug, uniq_josephine
D:14:     layout_rooms, david_vaults_5, fedhas_altar_fruit_tree,
          gammafunk_ghost_grave, st_stairs_5, nicolae_uskayaw_suspiria
D:15:     gammafunk_enter_depths_forms, layout_loops_ring,
          nicolae_ashenzari_panopticon
Temple:   minmay_temple_forest_path
Lair:1:   layout_regular_city, wad_woods_road_05, uniq_amaemon
Lair:2:   layout_gridlike, guppyfry_snake_entry_garden, basic_altar,
          minmay_hedge_maze
Lair:3:   nzn_winding_woodlands_stair_trap [nzn_winding_woodlands_5x15_twine,
          nzn_winding_woodlands_5x15_garden,
          nzn_winding_woodlands_5x15_lazy_stream,
          nzn_winding_woodlands_15x15_five_gardens,
          nzn_winding_woodlands_5x15_sawtooth,
          nzn_winding_woodlands_5x15_crooked,
          nzn_winding_woodlands_5x15_longhouse], layout_chaotic_city,
          minmay_shoals_entry_hut, serial_bayou, serial_bayou_crossing,
          serial_bayou_pond_b, serial_bayou_pond_c, serial_bayou_shore_b,
          serial_bayou_pond_c
Lair:4:   layout_roguey
Lair:5:   guppyfry_lair_end_dragon, layout_layer_cave, slime_entry_1,
          enter_volcano_2, portal_ice_cave_entry_imps, guppyfry_lair_drakes
Shoals:1: layout_shoals, ebering_ghost_gozag, nicolae_shoals_spectral_cove,
          uniq_jorgrun, uniq_roxanne, uniq_donald
Shoals:2: layout_shoals, serial_shops, nicolae_shop_bloodbath_and_beyond,
          nicolae_shoals_loop_pool, uniq_ilsuiw
Shoals:3: layout_shoals, nicolae_shoals_sun_and_surf, uniq_polyphemus
Shoals:4: shoals_end_grunt_ice, layout_shoals, serial_shops,
          nicolae_shop_hallway_plus
Snake:1:  kennysheep_snake, layout_gridlike, gammafunk_ghost_cemetery,
          serial_shops, nicolae_shop_statue_plus, lightli_airlock
Snake:2:  layout_rooms
Snake:3:  layout_chambers, serial_shops, nicolae_shop_stone
Snake:4:  grunt_snake_rune_serpentine_throne, layout_onion,
          ebering_ghost_reflecting_pool, nicolae_snake_serpentine_hallways
Slime:1:  layout_caves
Slime:2:  layout_caves
Slime:3:  layout_caves
Slime:4:  layout_caves, basic_altar, cheibrodos_slime_lost_civilization_6
Orc:1:    layout_diamond_mine
Orc:2:    grunt_orc_tribal_feast, layout_caves
Elf:1:    layout_geoelf_diagonals, gammafunk_ghost_tricky_traps, orc_legates,
          minivault_11, uniq_frances
Elf:2:    elven_hall_of_blades_hangedman_original [mumra_blade_entry_bloodbath],
          layout_loops_corners, uniq_saint_roka
Elf:3:    elf_hall, layout_geoelf_octagon
Vaults:1: mu_enter_wizlab_4, v_alt_pattern_2, vaults_room_semicircle,
          vaults_dpeg_cross, nicolae_vaults_arrows, hangedman_vaults_slice,
          vaults_mumra_hex, vaults_dpeg_emergency_exit, vaults_mumra_hexcomb,
          nicolae_vaults_hallways_thing, nicolae_vaults_little_squares_6,
          vaults_mumra_minichess, grunt_vaults_hallway_short,
          layout_vaults_big_cross
Vaults:2: v_misc_29, v_misc_1, nicolae_vaults_network_square,
          hangedman_vaults_stitches, ontoclasm_vaults_ring_small,
          vaults_dpeg_encased_lava, hangedman_vaults_hat,
          hangedman_vaults_slither, minmay_crypt_entry_simple_plaza,
          nicolae_vaults_rhombus_6, hangedman_vaults_stretched_pinwheel,
          nicolae_vaults_little_ls, layout_vaults_ring
Vaults:3: vaults_dpeg_doors, vaults_room_fours, v_misc_13, v_pattern_5,
          ontoclasm_vaults_loading_screen, vaults_mumra_minichess_inversion,
          vaults_room_fours, nicolae_vaults_theta,
          nicolae_vaults_mini_display_case, layout_vaults_omnibox
Vaults:4: ontoclasm_vaults_eye, ontoclasm_vaults_fault, vaults_room_door_hall,
          nicolae_vaults_windows_and_doors_thing, v_misc_8, vaults_dpeg_hooks,
          nicolae_vaults_rhombus_5, grunt_vaults_funnel,
          nicolae_vaults_rhombus_6, vaults_room_mumra_shop_pool,
          vaults_room_grunt_arrival_ludios, nicolae_vaults_rhombus_6,
          hangedman_vaults_corner_blocks, v_misc_23, nicolae_vaults_alarming,
          vaults_room_large_hall, layout_vaults_maze_bifur, serial_shops,
          nicolae_shop_competitors_out_of_business, shop
Vaults:5: serial_shops
Depths:1: layout_cave_pools, enter_ziggurat_f, pf_hell_entry_great_geh,
          abyss_entry_flame_altar, hangedman_decor_push, slow_altar_1
Depths:2: gammafunk_mikee_crab_dinner, layout_honeycomb, grunt_pan_entry_zigzag,
          hell_entry
Depths:3: nicolae_cairo_tiling_large_dashed, layout_cave_shapes, serial_sigils,
          serial_sigils_hangedman_clutch, serial_sigils_hangedman_shear,
          serial_sigils_hangedman_confine, serial_sigils_hangedman_stare,
          grunt_mini_vestibule, abyss_entry_small_statue_room,
          kennysheep_small_circle, uniq_frederick
Depths:4: grunt_zot_entry_alcove, layout_cross, hellmouth_1,
          marbit_kobold_abyss_entry, chequers_serial_rivers_large_b
Hell
Zot:1:    layout_onion, grunt_megastairs_2, uniq_grunn

Skill      XL: |  1  2  3  4  5  6  7  8  9 10 11 12 13 14 15 16 17 18 19 20 21 22 23 24 |
---------------+-------------------------------------------------------------------------+-----
Short Blades   | 4 5 6 7 9 10 | 10.0
Evocations     | 1 2 3 4 |  4.0
Hexes          | 2 3 5 7 8 10 13 15 16 17 19 20 | 20.4
Dodging        | 5 6 7 8 9 10 11 12 14 16 18 19 20 | 20.6
Fighting       | 5 6 7 8 9 10 11 13 15 16 18 19 20 | 20.1
Stealth        | 5 7 8 12 13 | 13.7
Spellcasting   | 2 4 5 7 8 10 12 13 15 | 15.8
Armour         | 2 |  2.0
Shields        | 4 |  4.0
Ice Magic      | 11 13 | 13.2

Action                   |  1- 3 |  4- 6 |  7- 9 | 10-12 | 13-15 | 16-18 | 19-21 | 22-24 || total
-------------------------+-------+-------+-------+-------+-------+-------+-------+-------++-------
Melee: Short sword       |     3 |   198 |       |       |       |       |       |       ||   201
       Punch             |     1 |     2 |     4 |     1 |       |       |       |       ||     8
       Hand axe          |       |    19 |       |       |       |       |       |       ||    19
       Spear             |       |    40 |    24 |       |       |       |       |       ||    64
       Dagger            |       |    73 |   102 |       |    18 |       |       |       ||   193
       Rapier            |       |       |    88 |    21 |       |       |    37 |    41 ||   187
       Quick blade       |       |       |    95 |  1081 |  1243 |  2449 |  2438 |  2526 ||  9832
       Knife             |       |       |       |       |   157 |   415 |   485 |   212 ||  1269
 Fire: Sling             |       |    10 |       |       |       |       |       |       ||    10
Throw: Dart              |       |    12 |     2 |     1 |       |       |     1 |       ||    16
       Boomerang         |       |    17 |    69 |    35 |    22 |    89 |    16 |    34 ||   282
       Throwing net      |       |       |       |       |       |       |     1 |       ||     1
 Cast: Slow              |       |     3 |    10 |    31 |    27 |    12 |    31 |     7 ||   121
       Ensorcelled Hiber |       |       |    14 |    70 |   115 |   266 |   150 |    40 ||   655
       Confusing Touch   |       |       |     5 |    20 |    60 |   108 |    90 |    35 ||   318
       Anguish           |       |       |       |     2 |     6 |     6 |     4 |     7 ||    25
       Cause Fear        |       |       |       |     1 |     1 |    23 |     2 |     5 ||    32
       Blink             |       |       |       |       |     1 |     4 |     7 |    20 ||    32
       Summon Mana Viper |       |       |       |       |       |    30 |    30 |    43 ||   103
       Tukima's Dance    |       |       |       |       |       |    43 |    94 |    68 ||   205
       Discord           |       |       |       |       |       |    10 |    27 |    12 ||    49
       Yara's Violent Un |       |       |       |       |       |       |    31 |    41 ||    72
       Fulminant Prism   |       |       |       |       |       |       |    17 |    38 ||    55
       Metabolic Englaci |       |       |       |       |       |       |       |    18 ||    18
       Wereblood         |       |       |       |       |       |       |       |     4 ||     4
       Ozocubu's Armour  |       |       |       |       |       |       |       |     2 ||     2
Evoke: Wand              |    10 |    10 |     2 |     1 |       |    12 |     3 |     7 ||    45
       Condenser vane    |       |       |       |       |     2 |     2 |     2 |     3 ||     9
       Tin of tremorston |       |       |       |       |     2 |       |     2 |       ||     4
       Phial of floods   |       |       |       |       |       |     1 |     1 |       ||     2
       Lightning rod     |       |       |       |       |       |       |     4 |       ||     4
       Box of beasts     |       |       |       |       |       |       |       |     1 ||     1
  Use: Potion            |       |     2 |     2 |     3 |     3 |     5 |     5 |     6 ||    26
       Scroll            |       |       |     8 |    11 |     9 |     1 |     6 |     5 ||    40
 Stab: Sleeping          |       |    16 |    11 |    43 |    61 |   136 |   120 |    51 ||   438
       Confused          |       |       |     2 |    20 |    66 |   137 |   122 |    28 ||   375
       Distracted        |       |       |       |     4 |     2 |     9 |    25 |    19 ||    59
       Invisible         |       |       |       |       |     2 |     3 |     2 |       ||     7
       Held in net/web   |       |       |       |       |       |       |     1 |       ||     1
       Fleeing           |       |       |       |       |       |       |       |     1 ||     1
Armor: Leather armour    |     2 |    62 |    76 |   134 |       |       |   580 |   477 ||  1331
       Chain mail        |       |    13 |       |       |       |       |       |       ||    13
       Ring mail         |       |       |       |    61 |   331 |   713 |    51 |       ||  1156
Dodge: Dodged            |    13 |   144 |    91 |   420 |   552 |  1293 |  1573 |  1600 ||  5686
Block: Buckler           |       |       |       |   121 |   135 |   263 |   423 |   612 ||  1554
       Kite shield       |       |       |       |       |    31 |       |       |       ||    31

Table legend: (Time is in decaauts)
 A = Elapsed time spent in this place.
 B = Non-inter-level travel time spent in this place.
 C = Inter-level travel time spent in this place.
 D = Time resting spent in this place.
 E = Time spent auto-exploring this place.
 F = Levels seen in this place.
 G = Mean time per level.
                   A        B        C        D        E       F      G
               +--------+--------+--------+--------+--------+-----+--------+
         Total |  77127 |  71871 |   5256 |  14771 |  33085 |  60 | 1285.4 |
       Dungeon |  17561 |  15624 |   1937 |   1499 |   9814 |  15 | 1170.7 |
        Temple |      1 |      1 |      0 |      0 |      0 |   1 |    1.0 |
          Lair |   7671 |   6461 |   1210 |    992 |   3732 |   5 | 1534.2 |
        Shoals |   6711 |   6484 |    227 |   1651 |   2579 |   4 | 1677.8 |
     Snake Pit |   7645 |   7397 |    248 |   1452 |   3538 |   4 | 1911.2 |
    Slime Pits |   2348 |   2184 |    164 |    975 |    499 |   4 |  587.0 |
  Orcish Mines |   1756 |   1620 |    136 |     84 |    948 |   2 |  878.0 |
   Elven Halls |   6350 |   6164 |    186 |   1509 |   2327 |   3 | 2116.7 |
        Vaults |   9226 |   8843 |    383 |   1168 |   4929 |   5 | 1845.2 |
        Depths |  10515 |   9753 |    762 |   3633 |   3213 |   4 | 2628.8 |
          Hell |    169 |    169 |      0 |      0 |      0 |   1 |  169.0 |
           Zot |     33 |     33 |      0 |      0 |      0 |   1 |   33.0 |
         Abyss |   2749 |   2749 |      0 |    822 |    419 |   5 |  549.8 |
       Ossuary |    572 |    572 |      0 |    305 |     34 |   1 |  572.0 |
        Bailey |    601 |    601 |      0 |     93 |    175 |   1 |  601.0 |
      Ice Cave |    911 |    911 |      0 |    103 |    307 |   1 |  911.0 |
       Volcano |    208 |    208 |      0 |      0 |     67 |   1 |  208.0 |
        Wizlab |   1377 |   1377 |      0 |    404 |    286 |   1 | 1377.0 |
      Gauntlet |    713 |    713 |      0 |     78 |    215 |   1 |  713.0 |
               +--------+--------+--------+--------+--------+-----+--------+

Top non-repeatable levels by time:
Depths:1: 3492 daAuts
Depths:3: 2825 daAuts
Depths:2: 2716 daAuts
 Snake:1: 2699 daAuts
   Elf:3: 2560 daAuts
  Lair:3: 2321 daAuts
 Snake:4: 2113 daAuts
Shoals:4: 2096 daAuts
Shoals:3: 2095 daAuts
Vaults:2: 2053 daAuts
   Elf:2: 1965 daAuts
Vaults:4: 1945 daAuts
     D:6: 1934 daAuts
Vaults:1: 1875 daAuts
   Elf:1: 1825 daAuts
